[Event "SixDays Budapest March GM B 2025"]
[Site "Budapest"]
[Date "2025.03.25"]
[Round "2.1"]
[White "Pap, Gyula"]
[Black "Sandoval Mercado, Carlos"]
[Result "0-1"]
[Annotator "TA"]
[ECO "B54"]
[WhiteElo "2475"]
[BlackElo "2383"]
[PlyCount "72"]
[EventDate "2025.03.23"]
[EventCountry "HUN"]
[SourceTitle "playchess.com"]
[Source "ChessBase"]
[SourceQuality "1"]
[TimeControl "5400+30"]

1. e4 c5 2. Nf3 d6 3. d4 cxd4 4. Nxd4 Nf6 5. Bd3 Nc6 6. Nxc6 bxc6 7. O-O g6 {[%emt 0:02:34] B55: Sicilian: 2...d6 3 d4 cxd4 4 Nxd4 Nf6 5 f3.} 8. b3 Bg7 9. Bb2 O-O {[%emt 0:00:35] The position is equal.} 10. Qe2 d5 11. Nd2 Qc7 {[%emt 0:11:36] And now ...dxe4 would win.} 12. f4 a5 $146 (12... Bg4 13. Qe1 Qb6+ 14. Kh1 Nxe4 15. Bxg7 Nxd2 16. Bxf8 Nxf1 17. Bxe7 Ne3 18. b4 d4 {1-0 Bontempi,P (2336)-Chiarion,E (2003) Mantova op-A 2nd 2012 (6)}) 13. a4 Rd8 14. e5 Nd7 15. Ba3 e6 16. Kh1 c5 17. Bb5 Bb7 18. c4 d4 19. Rad1 g5 20. Rde1 (20. Bxd7 $11 Rxd7 21. fxg5) 20... gxf4 $17 {[%emt 0:02:07][%csl Ob3,Oe5][%cal Rd7e5] White has weak pawns} 21. Qg4 $2 {[%emt 0:00:31] This move loses the game for White.} ({White should try} 21. Bxd7 $15 Rxd7 (21... Qxd7 22. Rxf4 Qc7 23. Rh4 $16) 22. Qg4) 21... Nxe5 $19 22. Qxf4 {[%emt 0:00:04] [#]} Rac8 $1 23. Ne4 {[%emt 0:00:43] [#]} Bxe4 24. Qxe4 f5 25. Qf4 d3 26. h3 (26. Bc1 $17) 26... Ng6 27. Qf2 {[%emt 0:00:42] White is weak on the dark squares} (27. Qg5 $142 d2 28. Rd1) 27... d2 28. Rd1 Bc3 29. Qe3 {[%emt 0:00:29] Repels Rd3} Qe5 30. Rf3 Qxe3 31. Rxe3 Bg7 (31... Be5 32. Re2 Bf4 33. g3) 32. Rxe6 Nf4 $36 {[%emt 0:01:49][%mdl 2048] Keeping White busy.} 33. Re3 Rd6 34. Kh2 Ne6 35. Rxe6 Rxe6 36. Bd7 $2 (36. Rxd2 {was the crucial defense.} Re3 37. Bd7 Be5+ 38. g3) 36... Re2 {[%emt 0:00:30] Weighted Error Value: White=0.37/Black=0.13 (very precise)   Loses game:     	White=1     	---        Mistake:       	White=4     	---        Inaccurate:     	---       	Black=1      OK:         	White=10    	Black=13     Best:        	---       	Black=3      Strong:       	---       	Black=1} ({Worse is} 36... Be5+ 37. g3 Re7 38. Bxc8 $11) 0-1

[Event "SixDays Budapest March GM B 2025"]
[Site "Budapest"]
[Date "2025.03.25"]
[Round "2.2"]
[White "Sklokin, Sergey"]
[Black "Li, Wenxiang"]
[Result "1-0"]
[Annotator "TA"]
[ECO "B12"]
[WhiteElo "2338"]
[BlackElo "2260"]
[PlyCount "91"]
[EventDate "2025.03.23"]
[EventCountry "HUN"]
[SourceTitle "playchess.com"]
[Source "ChessBase"]
[SourceQuality "1"]
[TimeControl "5400+30"]

1. e4 c6 2. d4 d5 3. e5 Bf5 4. h4 h6 5. g4 Bd7 6. Nc3 {[%emt 0:01:35] B12: Caro-Kann: Advance Variation.} c5 7. dxc5 (7. Nxd5 Bc6 8. c4 e6 $17 (8... Bxd5 9. cxd5 Qxd5 10. Qf3 $14)) 7... e6 8. Be3 {[%emt 0:01:26] White is slightly better.} Qc7 9. Nb5 Bxb5 10. Bxb5+ Nc6 11. Bxc6+ (11. c3 $14) 11... Qxc6 $11 12. Qd4 h5 13. Ne2 $146 ({Predecessor:} 13. f3 Ne7 14. Ne2 Qc7 15. Qa4+ Qc6 16. Qb3 Ng6 17. Nd4 Qd7 18. Nb5 Nxe5 19. O-O-O {1-0 Kusiak,M (1909)-Sliz,K (1672) POL-ch U16 Jastrzebia Gora 2023 (5)}) 13... hxg4 {[%emt 0:07:00] Black is weak on the dark squares} 14. O-O-O $1 (14. Qxg4 $2 d4 (14... Bxc5 $2 15. Qxg7 O-O-O 16. Bxc5 $18) 15. O-O-O dxe3 16. fxe3 Ne7 $19 (16... Qxc5 $2 17. Qe4 $19)) 14... Rc8 15. Qxg4 Nh6 16. Bxh6 Rxh6 17. c3 (17. b4 b6 18. Nd4 Qa4 $19) ({White should try} 17. h5 $14) 17... Qxc5 18. Nd4 b5 {[%emt 0:08:20] and ...b4 would now be decisive} 19. Kb1 Rg6 {[%emt 0:08:22] Repels f4} (19... Qb6 $1 $15) 20. Qf4 Qb6 21. h5 Rh6 22. Rh3 Rc4 ({Black should play} 22... a5 $11) 23. Rf3 (23. b3 $14 Rc8 24. Rc1) 23... Qb7 24. b3 Rc7 25. Qg5 a5 26. Rfd3 g6 {[%emt 0:09:09] Repels Nf5} 27. hxg6 Rxg6 28. Qh4 Bc5 (28... b4 $11) 29. Qh8+ $16 Ke7 (29... Bf8 $142) 30. Rf3 {[%emt 0:01:24] White has more active pieces.} (30. Nxe6 $142 $1 Kxe6 31. f4) 30... Rc8 $2 {[%emt 0:01:32] This move loses the game for Black.} (30... Bxd4 $16 31. Rxd4 (31. cxd4 Rc8 $16) 31... Rg1+ 32. Kb2 Qc8 33. Qh4+ Kd7) 31. Qh7 $18 Rf8 {[%emt 0:01:47][%cal Bc8f8,Bf8f7,Bf7e7][%mdl 32] [#]} 32. Rxf7+ $3 Rxf7 33. Qxg6 Bxd4 34. cxd4 {[%emt 0:00:05][%mdl 4096] Endgame KQR-KQR. White is a pawn up.} (34. Rxd4 Qc7 $14) 34... a4 $2 (34... Qc8 35. Rc1 Qd7) 35. Rh1 {[%emt 0:01:23] White threatens Rh8 and mate.} Qb6 36. Qg5+ Kd7 37. Qg8 Re7 38. Rc1 $2 (38. Rh8 Kc6 39. Qa8+ Qb7 40. Qa5) 38... Re8 (38... Qd8 39. Qg2 a3) 39. Qf7+ Re7 {[%emt 0:00:11] [#]} 40. Qf8 $40 {[%emt 0:00:11][%mdl 128] White has strong attack.} Re8 (40... Qd8 $142 41. Qh6 Qg8) 41. Qb4 axb3 {[%emt 0:00:10] [#]} 42. a4 {[%emt 0:01:18][%cal Ba2a4,Ba4a5][%mdl 32] and a5 should not be overlooked} (42. Qxb3 Qxd4 43. Qxb5+ Ke7 $14) 42... b2 $2 (42... Rc8 {is a better defense.}) 43. Kxb2 {[%emt 0:00:47] White is clearly winning.} Kd8 (43... Rh8 $142 44. a5 (44. Qxb5+ Qxb5+ 45. axb5 Rb8 $18) (44. axb5 Rb8 $18) 44... Qa6) 44. a5 ({Less strong is} 44. Qxb5 Qxd4+ 45. Kb3 Ke7 46. Rc7+ Kf8 $16) 44... Qa7 (44... Qa6 $142 45. Qc5 Re7) 45. Qd6+ Qd7 46. Qb6+ {[%emt 0:00:04] Weighted Error Value: White=0.22 (precise) /Black=0.66  Loses game:     	---       	Black=1      Mistake:       	White=4     	Black=9      Inaccurate:     	White=2     	Black=2      OK:         	White=16    	Black=12     Best:        	White=4     	Black=3      Strong:       	White=1     	---        Brilliant:      	White=1     	---} 1-0

[Event "SixDays Budapest March GM B 2025"]
[Site "Budapest"]
[Date "2025.03.25"]
[Round "2.3"]
[White "Mayank Chakraborty"]
[Black "Krishna C R G"]
[Result "1/2-1/2"]
[Annotator "TA"]
[ECO "C02"]
[WhiteElo "2444"]
[BlackElo "2418"]
[PlyCount "100"]
[EventDate "2025.03.23"]
[EventCountry "HUN"]
[SourceTitle "playchess.com"]
[Source "ChessBase"]
[SourceQuality "1"]
[TimeControl "5400+30"]

1. e4 e6 2. d4 d5 3. e5 c5 4. c3 Nc6 5. Nf3 Nge7 6. Na3 Nf5 7. Nc2 cxd4 8. cxd4 Bd7 9. Bd3 Be7 {[%emt 0:02:20] C02: French: Advance Variation.} 10. a3 a5 $146 ({Predecessor:} 10... Qb6 11. O-O a5 12. Rb1 a4 13. Bxf5 exf5 14. Bg5 O-O 15. Bxe7 Nxe7 16. Qd2 Rfc8 17. Rfc1 {½-½ Perez Leiva,J (2373)-Hevia Alejano,C (2465) Carlos Torre Memorial op 31st 2019 (8)}) 11. O-O h5 {[%emt 0:01:34] White has an edge.} 12. Bxf5 exf5 13. Qd3 Be6 {[%emt 0:03:00][%csl Od5] Black has weak pawns} 14. Ne3 Qd7 15. h4 f4 16. Nd1 Bf5 17. Qd2 Be4 $36 {[%emt 0:05:43][%mdl 2048] Black is more active. White is weak on the light squares} 18. Qxf4 Qg4 {[%emt 0:00:19][%cal Oc6d4] Black sacrificed a pawn} 19. Nc3 (19. Qg3 $1 $11) 19... Bxf3 $17 20. Qxf3 Qxf3 (20... Qxh4 21. Be3 $16 (21. Nxd5 Nxd4 22. Qd1 Rd8 $11) (21. Qxd5 Rd8 $11)) 21. gxf3 Nxd4 22. Kg2 Nb3 (22... Bxh4 $6 23. Be3 Nf5 24. Nxd5 $11) 23. Rb1 O-O-O (23... Bxh4 24. Nxd5 Bd8 25. Be3 $16) 24. Rd1 d4 (24... Bxh4 25. Nxd5 Nxc1 26. Rbxc1+ Kb8 27. f4 $16) 25. Ne4 Rd5 26. Bf4 Rhd8 27. Rd3 Nc5 28. Nxc5 Bxc5 29. Bd2 (29. Bg5 $11 Rg8 30. Rc1) 29... Be7 (29... Rxe5 $17 30. Bxa5 Rdd5) 30. f4 $11 g6 (30... Bxh4 31. Rh1 Be7 32. Rxh5) 31. b4 a4 $1 (31... Bxh4 32. Rc1+ Kb8 33. bxa5 $11) 32. b5 (32. Re1 $15) 32... Kd7 $1 $17 (32... Bxh4 $6 33. Rb4 $11) 33. Bb4 Bxh4 (33... Rxb5 $6 34. Bxe7 Rxb1 35. Bxd8 Kxd8 36. Rxd4+ Ke7 37. Rxa4 $14) 34. Rbd1 Ke6 35. Bd6 Be7 ({Don't play} 35... Rxb5 36. Rxd4 Kf5 37. Rh1 $11) (35... Bf6 {with more complications.} 36. Kf3 R8xd6 37. exd6 Rxb5 38. Rc1 Kxd6 39. Rc4 Kd5) 36. Rxd4 Rxd4 (36... Rxb5 37. f5+ (37. Bxe7 Rxd4 38. Rxd4 Kxe7 $11) 37... gxf5 38. Bxe7 Rxd4 39. Rxd4 Kxe7 40. Rxa4 $15) 37. Rxd4 Bxd6 38. exd6 Rxd6 39. Rxa4 {[%emt 0:00:10][%mdl 4096] Endgame KR-KR} Rd5 40. Re4+ {[%emt 0:01:33] [#]} Kd6 ({Better is} 40... Kf6 $1 $17 41. a4 b6) 41. a4 $11 Kc7 42. Kg3 Kb6 43. Re7 Rf5 44. Rd7 {[%emt 0:00:25] [#]} h4+ 45. Kxh4 {[%emt 0:00:35] The position is equal.} Rxf4+ 46. Kg3 g5 47. a5+ Kxa5 {[%emt 0:01:06] White must now prevent ...b6.} 48. Rxb7 f6 49. Rb8 Kb4 50. f3 Ka5 {[%emt 0:00:14] Weighted Error Value: White=0.12 (very precise) /Black=0.13 (very precise)   Mistake:       	White=3     	Black=3      Inaccurate:     	White=4     	Black=4      OK:         	White=18    	Black=14     Best:        	White=4     	Black=3      Strong:       	---       	Black=2} 1/2-1/2

[Event "SixDays Budapest March GM B 2025"]
[Site "Budapest"]
[Date "2025.03.25"]
[Round "2.4"]
[White "Baasansuren, Erdene"]
[Black "Nemeth, Zalan"]
[Result "1-0"]
[Annotator "TA"]
[ECO "D30"]
[WhiteElo "2394"]
[BlackElo "2341"]
[PlyCount "63"]
[EventDate "2025.03.23"]
[EventCountry "HUN"]
[SourceTitle "playchess.com"]
[Source "ChessBase"]
[SourceQuality "1"]
[TimeControl "5400+30"]

1. d4 d5 2. c4 e6 3. Nf3 c6 4. Nbd2 f5 5. g3 Nd7 6. Bg2 Bd6 7. O-O Ngf6 8. Ne1 {[%emt 0:00:21] A90: Dutch Defence: Miscellaneous and Modern Stonewall (with ...Bd6).} O-O 9. Nd3 a5 10. Qc2 {[%emt 0:02:26] White is slightly better.} Qe7 11. Nf3 b6 12. Bg5 $146 (12. Bf4 Ba6 13. Bxd6 Qxd6 14. cxd5 cxd5 15. Rfc1 Rfc8 16. Qd1 Ne4 17. a3 Qe7 18. Nfe5 Nd6 19. e3 Nc4 20. Nxd7 Qxd7 21. a4 Qe8 22. b3 Nd6 23. Ne5 Nf7 {½-½ Kozak,A (2446)-Bernadskiy,V (2586) Pardubice Czech op-A 29th 2018 (5)}) 12... Ba6 13. Nfe5 Rfc8 14. Rfd1 h6 15. Nxd7 Qxd7 16. Bxf6 gxf6 17. b3 a4 18. f3 (18. bxa4 Bxc4 (18... dxc4 $2 19. Nc5 $16) 19. Nb2 b5 $15) (18. Nb2 $14) 18... Qg7 19. Kh1 Kh8 20. e4 fxe4 (20... h5 $1 $11) 21. fxe4 $14 axb3 (21... Qg6 $14) 22. axb3 $16 Bb7 23. Qe2 dxc4 24. bxc4 Rxa1 25. Rxa1 Ra8 (25... e5 $16 {was necessary.}) 26. Rxa8+ $18 Bxa8 27. Qh5 (27. e5 $18 fxe5 28. dxe5) 27... Qf8 {[%emt 0:04:52][%mdl 8192] [#] Black is weak on the light squares. This move loses the game for Black.} (27... e5 $1 $14) 28. e5 fxe5 29. dxe5 (29. Nxe5 Bxe5 30. Qxe5+ Kg8 31. Qxe6+ Kg7 $18) 29... Bb8 30. Nf4 Qf5 {[%emt 0:00:05] [#] ( -> ...Qb1+)} 31. Qe8+ ({Less strong is} 31. Qxh6+ Kg8 32. Qxe6+ (32. Nxe6 $2 Qb1+) 32... Qxe6 33. Nxe6 Bxe5 $16) 31... Kg7 $2 (31... Kh7 $18 32. h3 (32. Qxb8 $2 Qb1+) 32... Bxe5 33. Qxa8 Qb1+ 34. Kh2 Bxf4 35. Qxc6 (35. gxf4 Qc1 $18) 35... Bxg3+ 36. Kxg3 Qg6+ 37. Kh2 Qf6 38. Qe4+ (38. Qxb6 Qf4+ 39. Kg1 Qxc4 $18) 38... Kg7) 32. Nh5+ {[%emt 0:01:06] Weighted Error Value: White=0.21 (precise) /Black=0.65  Loses game:     	---       	Black=1      Mistake:       	White=2     	Black=4      Inaccurate:     	White=1     	Black=5      OK:         	White=6     	Black=3      Best:        	White=3     	---} (32. Qxb8 $2 {is a self mate.} Qb1+) 1-0

[Event "SixDays Budapest March GM B 2025"]
[Site "Budapest"]
[Date "2025.03.25"]
[Round "2.5"]
[White "Grover, Sahaj"]
[Black "Mirzoev, Azer"]
[Result "0-1"]
[Annotator "TA"]
[ECO "C48"]
[WhiteElo "2469"]
[BlackElo "2470"]
[PlyCount "68"]
[EventDate "2025.03.23"]
[EventCountry "HUN"]
[SourceTitle "playchess.com"]
[Source "ChessBase"]
[SourceQuality "1"]
[TimeControl "5400+30"]

1. e4 e5 2. Nf3 Nc6 3. Bb5 Nf6 4. Nc3 Bd6 5. d3 a6 6. Bc4 {[%emt 0:02:39] C48: Four Knights: 4 Bb5, replies other than 4...Bb4.} O-O {[%emt 0:01:00] has lost popularity (6...Na5).} 7. O-O h6 8. a4 {[%emt 0:10:36] The position is equal.} Bc5 9. Nd5 d6 10. c3 {[%emt 0:00:04] The position is symmetric and equal} Ba7 11. Re1 $146 (11. Be3 Nxd5 12. Bxd5 Ne7 13. Bb3 Ng6 14. h3 Qf6 15. a5 Nf4 16. Kh2 Bd7 17. d4 Bb5 18. c4 {1-0 Sindarov,J (2661)-Sanal,V (2600) Dubai op-A 23rd 2023 (5)}) 11... Nxd5 12. Bxd5 Ne7 13. Bb3 Ng6 14. h3 Be6 15. d4 Re8 16. Be3 Qc8 17. Nd2 Nf8 18. a5 Nh7 19. Bc2 c6 20. f4 exd4 21. cxd4 f5 22. e5 {[%emt 0:04:15] Repels Nf6} Qd7 23. Qe2 Qf7 24. Nf3 Rad8 25. Kh2 Bb8 26. Rg1 Nf8 27. g4 {[%emt 0:01:23] [#]} (27. Qf2 $11 {remains equal.}) 27... fxg4 $1 $17 28. hxg4 Bd5 (28... c5 $17 {...Bc4 would now be deadly.} 29. Rad1 (29. dxc5 Bc4 $17) 29... Bd5 (29... cxd4 30. Rxd4 dxe5 31. Rxd8 $17)) 29. Rg3 $11 c5 30. g5 $1 $14 (30. dxc5 $2 dxe5 31. fxe5 Nd7 $19 (31... Bxe5 32. Nxe5 Rxe5 33. Rf1 $17)) 30... h5 (30... Bxf3 $14 31. Qxf3 hxg5) 31. g6 $18 (31. dxc5 dxe5 32. Nxe5 Rxe5 (32... Bxe5 33. fxe5 Rxe5 34. Rf1 $17) 33. fxe5 Bxe5 $17) 31... Qc7 32. dxc5 (32. Rh3 $18 {was the only winning move.}) 32... dxe5 $19 {[%emt 0:00:11] Black is clearly winning.} 33. fxe5 Rxe5 34. Rag1 {[%emt 0:00:08] [#]} Qe7 $1 {[%emt 0:02:17] Weighted Error Value: White=0.45/Black=0.29 (precise)   Loses game:     	---       	Black=1      Missed win:     	White=1     	---        Mistake:       	White=1     	Black=2      Inaccurate:     	White=4     	Black=2      OK:         	White=10    	Black=12     Best:        	White=1     	Black=1      Strong:       	White=1     	Black=1} 0-1